Map: World of Sleepers LE

Players

Kazcadski

  • Race: Protoss Protoss
  • League: Platinum
  • Spawn Location: 7:00

ViBE - Winner!

  • Race: Protoss Protoss
  • League: Platinum
  • Spawn Location: 1:00

VOD

Have the link to the VOD?

Description

Time

  • Played on: Dec. 8, 2019, 11:35 p.m.
  • Length: 13:36
Show
View Real Time Build Order
Export as new Build Order

Kazcadski Protoss 

Build Orders:  

Get SALT Encoding   

  12  0:01  Probe  
  13  0:13  Probe  
  14  0:25  Probe  
  14  0:26  Pylon  
  15  0:44  Probe (Chrono Boost)  
  15  0:48  Gateway  
  16  0:50  Gateway  
  16  0:56  Probe (Chrono Boost)  
  17  1:03  Assimilator  
  17  1:05  Probe (Chrono Boost)  
  17  1:10  Probe  
  18  1:16  Pylon  
  19  1:22  Probe  
  19  1:23  Assimilator  
  20  1:35  Probe, Cybernetics Core  
  22  1:47  Probe  
  22  1:59  Probe  
  23  2:08  Pylon  
  23  2:11  Probe  
  23  2:12  Stalker  
  23  2:13  Stalker  
  23  2:15  Warp Gate (Chrono Boost)  
  28  2:23  Probe  
  29  2:37  Probe  
  30  2:45  Nexus  
  30  2:49  Probe  
  31  2:54  Sentry  
  33  3:00  Robotics Facility  
  33  3:02  Probe  
  34  3:14  Probe  
  35  3:26  Probe  
  36  3:28  Pylon  
  36  3:29  Pylon  
  36  3:39  Probe  
  37  3:42  Gateway x2  
  37  3:47  Observer  
  38  3:52  Assimilator  
  38  4:03  Sentry  
  38  4:08  Probe x2, Immortal  
  46  4:13  Assimilator  
  46  4:20  Probe x2  
  48  4:26  Pylon  
  48  4:32  Probe  
  48  4:35  Probe  
  50  4:44  Twilight Council  
  50  4:50  Probe x2  
  52  4:54  Stalker, Robotics Facility  
  52  4:59  Stalker  
  56  5:02  Probe  
  57  5:10  Immortal  
  57  5:11  Probe  
  62  5:17  Pylon  
  62  5:26  Stalker  
  62  5:27  Stalker  
  66  5:41  Forge  
  66  5:42  Probe x2  
  68  5:43  Forge  
  68  5:47  Charge  
  68  5:53  Pylon  
  68  5:56  Immortal  
  72  6:03  Probe x2  
  74  6:15  Probe  
  74  6:17  Nexus  
  75  6:19  Protoss Ground Armor Level 1 (Chrono Boost)  
  75  6:21  Protoss Ground Weapons Level 1 (Chrono Boost)  
  75  6:31  Robotics Bay  
  75  6:33  Probe  
  76  6:40  Pylon  
  76  6:43  Pylon  
  76  6:47  Sentry x2  
  76  6:48  Sentry  
  76  6:51  Probe x2  
  84  7:03  Probe, Immortal  
  84  7:05  Immortal  
  93  7:21  Gateway  
  93  7:23  Gateway  
  93  7:24  Probe  
  93  7:25  Probe  
  93  7:26  Gateway  
  93  7:28  Extended Thermal Lance (Chrono Boost)  
  93  7:29  Probe  
  96  7:36  Probe  
  97  7:40  Probe  
  97  7:41  Probe, Assimilator  
  97  7:42  Sentry  
  97  7:43  Sentry  
  103  7:45  Assimilator  
  103  7:51  Probe  
  104  7:52  Probe  
  104  7:58  Robotics Facility  
  105  7:59  Robotics Facility  
  105  8:04  Pylon  
  105  8:06  Pylon  
  105  8:09  Protoss Ground Armor Level 2 (Chrono Boost)  
  105  8:10  Protoss Ground Weapons Level 2 (Chrono Boost)  
  105  8:12  Pylon  
  105  8:20  Probe x3  
  105  8:22  Stalker  
  105  8:23  Stalker  
  112  8:32  Probe x2  
  114  8:34  Zealot x3  
  114  8:35  Zealot  
  114  8:38  Probe  
  123  8:47  Colossus  
  129  8:51  Colossus  
  135  8:58  Zealot x2  
  139  9:04  Pylon  
  139  9:06  Pylon  
  139  9:13  Zealot  
  139  9:14  Sentry  
  139  9:15  Stalker x2  
  139  9:16  Stalker  
  149  9:22  Probe, Warp Prism  
  152  9:26  Probe x2  
  154  9:33  Colossus  
  160  9:42  Pylon  
  160  9:46  Nexus  
  160  9:49  Probe x2  
  162  9:59  Probe  
  163  10:00  Immortal  
  167  10:07  Pylon  
  167  10:09  Pylon  
  167  10:11  Pylon  
  167  10:13  Probe  
  168  10:14  Pylon  
  168  10:17  Pylon  
  168  10:23  Immortal  
  172  10:38  Zealot x4  
  172  10:39  Sentry  
  172  10:40  Sentry x2  
  172  10:41  Colossus  
  119  11:18  Zealot x3  
  119  11:19  Zealot x4  
  119  11:20  Colossus x3  
  149  11:36  Immortal  
  153  11:47  Sentry x5  
  153  11:48  Sentry  
  153  11:52  Nexus, Zealot  
  167  11:55  Probe  
  168  12:06  Probe  
  169  12:13  Colossus  
  175  12:17  Immortal  
  175  12:18  Immortal  
  175  12:21  Warp Prism  
  185  12:27  Assimilator  
  185  12:30  Pylon  
  185  12:32  Pylon  
  185  12:35  Zealot x3  
  191  12:40  Zealot  
  191  12:41  Zealot  
  145  12:59  Stalker x5  
  145  13:10  Stalker x2  
  115  13:18  Zealot x2  
Show
View Real Time Build Order
Export as new Build Order

ViBE Protoss - Winner!

Build Orders: Archon Immortal 

Get SALT Encoding   

  12  0:00  Probe  
  13  0:12  Probe  
  14  0:22  Pylon  
  14  0:25  Probe  
  15  0:40  Probe  
  16  0:47  Gateway  
  16  0:52  Probe  
  17  1:05  Probe (Chrono Boost)  
  17  1:08  Assimilator  
  18  1:16  Probe (Chrono Boost)  
  19  1:21  Probe (Chrono Boost)  
  20  1:30  Assimilator  
  20  1:31  Probe (Chrono Boost)  
  21  1:37  Pylon  
  21  1:42  Probe (Chrono Boost), Gateway  
  21  1:44  Cybernetics Core  
  22  1:47  Probe (Chrono Boost)  
  23  2:04  Probe  
  24  2:11  Nexus  
  24  2:16  Probe  
  24  2:21  Stalker  
  27  2:28  Pylon  
  27  2:31  Probe  
  27  2:34  Sentry  
  27  2:36  Warp Gate  
  30  2:45  Probe  
  31  2:57  Probe  
  32  3:01  Stalker  
  32  3:03  Stalker  
  36  3:09  Probe  
  37  3:17  Pylon  
  37  3:21  Probe  
  38  3:28  Probe  
  38  3:34  Probe (Chrono Boost)  
  40  3:38  Stalker x2  
  40  3:40  Probe (Chrono Boost)  
  45  3:46  Probe (Chrono Boost)  
  46  3:51  Probe (Chrono Boost)  
  46  3:53  Probe (Chrono Boost), Robotics Facility  
  48  3:55  Probe (Chrono Boost)  
  48  4:00  Probe  
  50  4:06  Probe  
  50  4:08  Assimilator x2  
  51  4:12  Probe  
  52  4:18  Probe  
  52  4:24  Probe  
  54  4:26  Nexus  
  54  4:29  Stalker  
  54  4:30  Stalker  
  54  4:31  Probe  
  59  4:36  Probe (Chrono Boost)  
  60  4:42  Observer  
  61  4:47  Probe (Chrono Boost)  
  62  4:53  Pylon  
  62  4:55  Pylon  
  62  4:59  Pylon  
  62  5:11  Probe x2  
  64  5:18  Stalker x2  
  64  5:19  Immortal  
  72  5:23  Probe x2  
  72  5:24  Forge  
  72  5:26  Twilight Council  
  74  5:32  Gateway  
  74  5:33  Gateway  
  74  5:35  Probe, Gateway  
  75  5:38  Probe  
  75  5:41  Protoss Ground Weapons Level 1 (Chrono Boost)  
  75  5:42  Probe  
  77  5:47  Probe  
  78  5:50  Probe  
  78  5:54  Probe  
  78  5:56  Pylon  
  80  5:57  Charge (Chrono Boost)  
  80  5:59  Probe  
  80  6:02  Probe  
  80  6:03  Templar Archives  
  82  6:06  Probe  
  82  6:10  Assimilator  
  83  6:11  Probe, Assimilator  
  83  6:13  Stalker  
  83  6:14  Stalker, Probe  
  89  6:19  Probe  
  89  6:23  Probe  
  91  6:26  Probe  
  91  6:31  Probe  
  93  6:35  Probe  
  94  6:41  Nexus  
  94  6:43  Pylon  
  94  6:46  Pylon  
  94  6:48  Immortal  
  94  6:49  Assimilator  
  98  6:54  Zealot  
  98  6:55  Zealot x3  
  98  6:56  Zealot  
  108  7:09  Probe  
  108  7:10  Probe x2  
  111  7:21  Pylon  
  111  7:22  Probe x3  
  114  7:24  Pylon  
  114  7:26  Pylon  
  114  7:30  Zealot x4  
  114  7:31  Zealot  
  114  7:32  Pylon  
  114  7:34  Probe  
  114  7:36  Pylon  
  125  7:40  Probe x2  
  125  7:42  Pylon  
  127  7:45  Pylon, Robotics Facility  
  127  7:46  Probe  
  127  7:47  Pylon  
  128  7:52  Probe x2  
  128  7:56  High Templar  
  128  7:57  Protoss Ground Weapons Level 2 (Chrono Boost), High Templar x4  
  140  8:03  Gateway  
  140  8:05  Gateway  
  140  8:06  Probe x2  
  140  8:07  Probe, Gateway  
  140  8:09  Probe  
  140  8:10  Gateway  
  144  8:16  Gateway  
  144  8:18  Probe, Gateway  
  145  8:31  High Templar  
  145  8:32  High Templar x4  
  155  8:36  Archon  
  155  8:37  Archon x4  
  155  8:40  Nexus, Immortal x2  
  163  8:48  Pylon  
  163  8:51  Pylon  
  163  8:53  Assimilator  
  163  8:57  Pylon  
  163  9:04  Zealot x2  
  163  9:05  Zealot x6  
  163  9:06  Zealot  
  181  9:12  Photon Cannon  
  181  9:14  Photon Cannon  
  181  9:16  Shield Battery  
  181  9:20  Photon Cannon  
  181  9:22  Photon Cannon  
  182  9:24  Observer, Shield Battery  
  182  9:25  High Templar x2  
  182  9:26  High Templar x4  
  182  9:27  High Templar x2  
  182  9:28  High Templar  
  182  9:30  Archon x3  
  182  9:31  Archon  
  200  9:34  Photon Cannon  
  200  9:36  Photon Cannon  
  200  9:39  Shield Battery  
  200  9:53  Photon Cannon  
  200  9:55  Photon Cannon  
  200  9:58  Photon Cannon, Shield Battery  
  200  10:00  Protoss Ground Weapons Level 3 (Chrono Boost), Photon Cannon  
  200  10:02  Shield Battery  
  200  10:32  Gateway  
  200  10:33  Gateway  
  200  10:35  Gateway  
  198  10:42  Gateway  
  196  10:45  Pylon  
  196  10:46  Gateway  
  196  10:47  Gateway  
  196  10:48  Gateway  
  196  10:49  Pylon  
  192  10:52  Robotics Facility  
  192  10:53  Immortal x2  
  180  10:58  Zealot x2  
  180  10:59  Zealot x5  
  180  11:00  Zealot x4  
  118  11:23  Nexus  
  114  11:25  Pylon  
  114  11:28  High Templar x6  
  114  11:29  High Templar x5  
  114  11:30  Pylon, High Templar x2  
  114  11:32  Observer (Chrono Boost)  
  141  11:34  Observer (Chrono Boost)  
  141  11:36  Zealot x2  
  146  11:41  Immortal (Chrono Boost), Zealot x2  
  146  11:42  Zealot  
  156  11:52  Immortal x2 (Chrono Boost)  
  164  12:07  Assimilator  
  164  12:08  Zealot x2  
  168  12:09  Zealot x3  
  168  12:10  Zealot x6  
  168  12:11  Assimilator, Zealot  
  168  12:13  Archon, Photon Cannon  
  168  12:14  Archon x5  
  168  12:15  Photon Cannon  
  188  12:16  High Templar  
  188  12:17  High Templar x2, Shield Battery  
  188  12:18  High Templar  
  188  12:20  High Templar  
  198  12:24  Archon x2  
  198  12:25  Archon  
  198  12:27  Zealot  
  194  12:46  Zealot x3  
  194  12:47  Zealot  
  194  12:48  Zealot x5  
  194  12:49  Zealot x4  
  194  12:50  Zealot x4  
  198  12:54  Zealot  
  170  13:29  Zealot  
  170  13:30  Zealot x5  
  170  13:31  Zealot x6  
  170  13:32  Zealot  
Tags
 
Add a new tag
Caveats
  • Supply blocks, unpowered buildings, or Contaminate may cause inaccurate times.
  • Supply counts are checked every 10 seconds.